 Dungeon Crawl Stone Soup version 0.19-a0-1002-g674d22e (webtiles) character file.

165 HAL9000 the Cudgeler (level 5, -2/55 HPs)
             Began as an Ogre Hunter on July 18, 2016.
             Slain by Sigmund
             ... wielding a +0 scythe
              (6 damage)
             ... on level 3 of the Dungeon.
             The game lasted 00:08:12 (2914 turns).

HAL9000 the Cudgeler (Ogre Hunter)                  Turns: 2914, Time: 00:08:13

Health: -2/55      AC:  3    Str: 17    XL:     5   Next: 46%
Magic:  5/5        EV: 10    Int: 10    God:
Gold:   137        SH:  0    Dex: 11    Spells: 0 memorised, 4 levels left

rFire  . . .     SeeInvis .     y - +0 flail
rCold  . . .     Gourm    .     b - +0 robe
rNeg   . . .     Faith    .     (no shield)
rPois  +         Spirit   .     (helmet restricted)
rElec  .         Dismiss  .     (no cloak)
rCorr  .         Reflect  .     (gloves unavailable)
SustAt .         Harm     .     (boots unavailable)
MR     .....                    (no amulet)
Stlth  +.........               j - ring of poison resistance
                                h - ring of wizardry

@: not resistant to hostile enchantments, very unstealthy
A: unfitting armour, tough skin 1
a: no special abilities


You were on level 3 of the Dungeon.
You were not hungry.

You visited 1 branch of the dungeon, and saw 3 of its levels.

You collected 137 gold pieces.

Inventory:

Hand Weapons
 y - a +0 flail (weapon)
Missiles
 d - 2 throwing nets (quivered)
Armour
 b - a +0 robe (worn)
Jewellery
 h - a ring of wizardry (left hand)
 j - a ring of poison resistance (right hand)
Scrolls
 l - a scroll of teleportation {unknown}
 n - a scroll of random uselessness {unknown}
 o - a scroll of recharging {unknown}
 u - a scroll of enchant armour {unknown}
Potions
 q - 2 potions of flight
 r - a potion of agility
 x - a potion of curing
 z - a potion of ambrosia
Comestibles
 f - 2 bread rations
 i - 4 meat rations
 k - a slice of pizza
 m - a fruit
 A - a chunk of flesh
 B - a beef jerky


   Skills:
 - Level 4.3 Fighting
 + Level 5.5 Maces & Flails
 - Level 4.0 Throwing
 - Level 1.7 Dodging
 - Level 0.7 Stealth


You had 4 spell levels left.
You didn't know any spells.

Dungeon Overview and Level Annotations

Branches:
Dungeon (3/15)

Altars:
Elyvilon
Yredelemnul

Annotations:
D:3 Sigmund


Innate Abilities, Weirdness & Mutations

You are too large for most types of armour.
You have tough skin. (AC +1)


Message History

You thump the bat!
You kill the bat!
Something hits you!
Throwing (i - inventory. (,) - cycle):
c - 4 large rocks (quivered)
Press: ? - help, Shift-Dir - straight line You throw a large rock.
You hear some strange, mumbled words.
Something tries to affect you, but you resist.
Throwing (i - inventory. (,) - cycle):
c - 3 large rocks (quivered)
Press: ? - help, Shift-Dir - straight line You throw a large rock.
Something hits you. Something hits you!
* * * LOW HITPOINT WARNING * * *
Throwing (i - inventory. (,) - cycle):
c - 2 large rocks (quivered)
Press: ? - help, Shift-Dir - straight line You throw a large rock.
Something hits you.
* * * LOW HITPOINT WARNING * * *
Throwing (i - inventory. (,) - cycle):
c - a large rock (quivered)
Press: ? - help, Shift-Dir - straight line You throw a large rock.
Something hits you.
You die...

#..............
#......(.......
#..............
#..............
#..............
#..............
#†..r..(.
#†#.#.#..
#############@#
#
#.............#
#.#############
#.# #.# #.# #.#
#.# #.#####


There were no monsters in sight!

Vanquished Creatures
  An iguana (D:2)
  7 adders (D:2)
  A worm (D:2)
  2 dart slugs (D:1)
  2 giant geckos
  3 giant cockroaches
  5 goblins
  5 hobgoblins
  7 jackals (D:2)
  5 kobolds
  A quokka (D:2)
  2 ball pythons (D:2)
  13 bats
  8 giant newts
  12 rats
74 creatures vanquished.

Notes
Turn   | Place    | Note
-------+----------+-------------------------------------------
     0 | D:1      | HAL9000 the Ogre Hunter began the quest for the Orb.
     0 | D:1      | Reached XP level 1. HP: 22/22 MP: 1/1
     2 | D:1      | Noticed a demonspawn
     6 | D:1      | Noticed a ghoul
     6 | D:1      | Noticed a formicid
     8 | D:1      | Noticed an ogre
     8 | D:1      | Noticed a halfling
    10 | D:1      | Noticed a merfolk
    10 | D:1      | Noticed a draconian
    12 | D:1      | Noticed a human
    14 | D:1      | Noticed an elf
    14 | D:1      | Noticed a centaur
    16 | D:1      | Noticed a dwarf
    16 | D:1      | Noticed a felid
    18 | D:1      | Noticed a tengu
    18 | D:1      | Noticed a vine stalker
    20 | D:1      | Noticed a naga
    20 | D:1      | Noticed a spriggan
    22 | D:1      | Noticed a gargoyle
    22 | D:1      | Noticed a troll
    24 | D:1      | Noticed a minotaur
    24 | D:1      | Noticed a demigod
    26 | D:1      | Noticed an octopode
    26 | D:1      | Noticed a vampire
   206 | D:1      | Reached XP level 2. HP: 30/32 MP: 2/2
   752 | D:1      | Reached XP level 3. HP: 34/40 MP: 3/3
   865 | D:1      | Reached skill level 1 in Maces & Flails
  1014 | D:2      | Found a basalt altar of Yredelemnul.
  1142 | D:2      | Reached skill level 2 in Maces & Flails
  1259 | D:2      | Reached skill level 3 in Maces & Flails
  1378 | D:2      | Reached XP level 4. HP: 48/49 MP: 4/4
  1875 | D:2      | Reached skill level 4 in Maces & Flails
  1932 | D:2      | Found a faded altar of an unknown god.
  2206 | D:2      | Reached XP level 5. HP: 55/55 MP: 5/5
  2271 | D:2      | Found a white marble altar of Elyvilon.
  2462 | D:2      | Reached skill level 5 in Maces & Flails
  2896 | D:3      | Noticed Sigmund
  2914 | D:3      | Slain by Sigmund

Vault maps used:
D:1:      kb_arrival_jail, serial_forest, infiniplex_forest_lined_2,
          infiniplex_forest_corner_2, infiniplex_forest_clump_double,
          infiniplex_forest_clump_curved, infiniplex_forest_clump_large,
          infiniplex_forest_diagonal, infiniplex_forest_end_1
D:2:      kennysheep_six_static_rooms, kennysheep_ying_yang, ecumenical_altar_2
D:3:      grunt_temple_overflow_open, first_bread, uniq_sigmund, uniq_grinder

Skill      XL: |  1  2  3  4  5 |
---------------+----------------+-----
Fighting       | 3 4 |  4.3
Maces & Flails | 3 4 5 |  5.5
Throwing       | |  4.0
Dodging        | |  1.7
Stealth        | |  0.7

Action                   |  1- 3 |  4- 6 || total
-------------------------+-------+-------++-------
Melee: Short sword       |   104 |       ||   104
       Club              |     4 |    51 ||    55
       Whip              |       |    80 ||    80
       Flail             |       |    49 ||    49
Throw: Large rock        |     3 |     7 ||    10
  Use: Scroll            |     2 |     2 ||     4
  Eat: Chunk             |     2 |     5 ||     7
Armor: Robe              |    41 |    67 ||   108
Dodge: Dodged            |    77 |   135 ||   212
